 Seeded DCSS version 0.30-a0-918-g0ff054e9dc (webtiles) character file.

Game seed: 13555036537017109050 (custom seed)

1374 GigaChad the Chopper (level 8, -5/63 HPs)
             Began as a Formicid Fighter on Mar 21, 2023.
             Was a Believer of Okawaru.
             Slain by a gnoll sergeant
             ... wielding a +0 trident
              (8 damage)
             ... on level 6 of the Dungeon.
             The game lasted 00:06:44 (5948 turns).

GigaChad the Chopper (Formicid Fighter)             Turns: 5948, Time: 00:06:45

Health: -5/63      AC: 18    Str: 23    XL:     8   Next: 98%
Magic:  8/8        EV: 19    Int:  8    God:    Okawaru [**....]
Gold:   808        SH:  6    Dex: 19    Spells: 7/7 levels left

rFire   + . .      SeeInvis +    a - +0 war axe
rCold   + . .      Faith    .    c - +0 buckler
rNeg    . . .      Spirit   .    y - +0 gold dragon scales
rPois   +          Reflect  .    (helmet unavailable)
rElec   .          Rampage  .    (no cloak)
rCorr   .                        (no gloves)
Will    .....                    (no boots) Stlth
                                 h - amulet of the acrobat
HPRegen 0.30/turn                t - +4 ring of protection
MPRegen 0.11/turn                u - +6 ring of dexterity

@: acrobatic
A: permanent stasis, dig shafts and tunnels, antennae 3, four strong arms
a: Dig, Shaft Self, Renounce Religion, Heroism


You were on level 6 of the Dungeon.
You worshipped Okawaru.
Okawaru was pleased with you.
You visited 2 branches of the dungeon, and saw 7 of its levels.

You collected 2728 gold pieces.
You spent 1920 gold pieces at shops.

Inventory:

Hand Weapons
 a - a +0 war axe (weapon)
Missiles
 n - 2 throwing nets
Armour
 b - a +0 scale mail
 c - a +0 buckler (worn)
 y - +0 gold dragon scales (worn)
 z - +0 shadow dragon scales
Jewellery
 h - an amulet of the acrobat (around neck)
 r - a ring of magical power
 t - a +4 ring of protection (left hand)
 u - a +6 ring of dexterity (right hand)
 E - a ring of ice
Wands
 w - a wand of mindburst (2)
 x - a wand of polymorph (10)
 G - a wand of roots (11)
Scrolls
 e - 3 scrolls of blinking {unknown}
 g - 8 scrolls of identify {unknown}
 i - 3 scrolls of teleportation {unknown}
 o - 3 scrolls of immolation {unknown}
 s - a scroll of vulnerability {unknown}
 A - a scroll of fog {unknown}
 C - a scroll of enchant weapon {unknown}
 D - 2 scrolls of noise {unknown}
 F - a scroll of magic mapping {unknown}
Potions
 d - 2 potions of might
 f - 5 potions of curing {unknown}
 j - 3 potions of haste {unknown}
 k - 5 potions of heal wounds {unknown}
 l - 3 potions of degeneration {unknown}
 m - a potion of mutation {unknown}
 p - a potion of attraction {unknown}
 q - a potion of flight {unknown}
 v - a potion of lignification {unknown}
 B - a potion of magic {unknown}


   Skills:
 + Level 5.6 Fighting
 + Level 7.8 Axes
 + Level 5.4 Armour
 + Level 1.1 Dodging
 + Level 6.1 Shields


You had 7 spell levels left.
You didn't know any spells.
Your spell library contained the following spells:

 Spells                   Type           Power      Damage    Failure   Level
 Magic Dart               Conj           0%         1d3       100%        1
 Searing Ray              Conj           0%         2d4       100%        2
 Kindle Blastsparks       Fire/Tloc/Air  0%         2d10      100%        3
 Fulminant Prism          Conj/Hex       0%         3d5       100%        4
 Iskenderun's Mystic Bla  Conj/Tloc      0%         2d3       100%        4
 Lee's Rapid Deconstruct  Erth           0%         3d4*      100%        5


Dungeon Overview and Level Annotations

Branches:
Dungeon (6/15)             Temple (1/1) D:4

Altars:
Dithmenos
Elyvilon
Hepliaklqana
Makhleb
Nemelex Xobeh
Okawaru
Qazlal
Ru
Sif Muna
Trog
Uskayaw
Vehumet
Xom
Yredelemnul

Shops:
D:4 [

Annotations:
Temple 2 transporters


Innate Abilities, Weirdness & Mutations

You cannot be hasted, slowed, berserked, paralysed or teleported.
You can dig through walls and to a lower floor.
You have a pair of large antennae on your head. (SInv)
Your four strong arms can wield two-handed weapons with a shield.


Message History

You see here a +0 spear.
You closely miss the gnoll. You hit the gnoll but do no damage.
You barely miss the gnoll. You barely miss the gnoll sergeant.
You block the gnoll's attack. The gnoll hits you with a +0 halberd!
The gnoll hits you but does no damage. You block the gnoll sergeant's attack.
You hit the gnoll.
The gnoll is moderately wounded.
You hit the gnoll sergeant but do no damage.
You slash the gnoll! x2; You block the gnoll's attack.
The gnoll hits you with a +0 halberd. You block the gnoll's attack.
The gnoll sergeant hits you with a +0 trident.
* * * LOW HITPOINT WARNING * * *
You hit the gnoll.
The gnoll is severely wounded.
You hit the gnoll sergeant. You slash the gnoll!
You kill the gnoll!
Okawaru accepts your kill.
You hit the gnoll. The gnoll hits you with a +0 halberd.
* * * LOW HITPOINT WARNING * * *
The gnoll barely misses you.
The gnoll sergeant completely misses you.
You hit the gnoll.
You kill the gnoll!
Okawaru accepts your kill.
You hit the gnoll. You barely miss the gnoll sergeant.
The gnoll hits you with a +0 flail.
* * * LOW HITPOINT WARNING * * *
The gnoll sergeant hits you but does no damage.
You hit the gnoll but do no damage.
The gnoll is almost dead.
You barely miss the gnoll sergeant. The gnoll hits you but does no damage.
The gnoll sergeant hits you but does no damage.
The gnoll sergeant barely misses you. The gnoll hits you with a +0 flail!
* * * LOW HITPOINT WARNING * * *
You slash the gnoll!
You kill the gnoll!
Okawaru accepts your kill.
You hit the gnoll sergeant. You block the gnoll sergeant's attack.
The gnoll sergeant hits you with a +0 trident!
You die...

.. #.. #.# .. # .
#.# .#... ..### #.#
....# # ...##.##
.#.. #...#......##
...#.#.
.....#.....##
#......[#.#
#.......#
..#...#..... #<)@g.#
....#....#.####)).##
..#...#.....####.##
#.......#.#.....(#
...#.#.......#####
.#.....#...#..#
....#....#....#
.#.....#...#..#
...#.#........#


You could see a gnoll sergeant.

Vanquished Creatures
  A water moccasin (D:6)
  An ice beast (D:6)
  An ogre (D:5)
  2 phantoms
  A bullfrog (D:6)
  3 scorpions (D:6)
  2 orc priests (D:6)
  A gnoll bouda (D:5)
  A hound (D:5)
  5 iguanas
  Natasha (thrice) (D:2)
  An orc wizard (D:6)
  Robin (D:4)
  6 adders
  14 gnolls
  2 ufetubi
  3 worms
  4 dart slugs
  17 orcs
  3 ball pythons
  6 endoplasms
  3 giant cockroaches
  16 goblins
  8 hobgoblins
  7 jackals (D:4)
  3 quokkas (D:2)
  7 bats
  5 frilled lizards
  4 kobolds
  6 rats
  A spectral orc (D:5)
138 creatures vanquished.

Notes
Turn   | Place    | Note
-------+----------+-------------------------------------------
     0 | D:1      | GigaChad the Formicid Fighter began the quest for the Orb.
     0 | D:1      | Reached XP level 1. HP: 18/18 MP: 1/1
   317 | D:1      | Reached XP level 2. HP: 23/24 MP: 2/2
   505 | D:1      | Identified a scroll of acquirement
   505 | D:1      | Acquired 697 gold pieces
   810 | D:2      | Acquired 758 gold pieces
   864 | D:2      | Reached XP level 3. HP: 25/29 MP: 3/3
   935 | D:2      | Acquired 987 gold pieces
  1419 | D:2      | Noticed Natasha
  1422 | D:2      | Killed Natasha
  1423 | D:2      | Reached skill level 3 in Axes
  1423 | D:2      | Reached XP level 4. HP: 33/35 MP: 4/4
  1423 | D:2      | Noticed Natasha
  1430 | D:2      | Killed Natasha
  1482 | D:2      | Reached XP level 5. HP: 41/41 MP: 5/5
  1535 | D:2      | Reached skill level 4 in Axes
  1880 | D:2      | Noticed Natasha
  1893 | D:2      | Killed Natasha
  2373 | D:3      | Reached XP level 6. HP: 48/48 MP: 6/6
  3128 | D:4      | Reached skill level 1 in Dodging
  3318 | D:4      | Reached skill level 5 in Axes
  3462 | D:4      | Found Haida's Dragon-Slaying Spoils.
  3469 | D:4      | Bought +0 gold dragon scales for 960 gold pieces
  3469 | D:4      | Bought +0 shadow dragon scales for 960 gold pieces
  3546 | D:4      | Reached skill level 5 in Shields
  3721 | D:4      | Noticed Robin
  3735 | D:4      | Killed Robin
  3874 | D:4      | Found a staircase to the Ecumenical Temple.
  3887 | Temple   | Entered the Ecumenical Temple
  3887 | Temple   | Found a transporter.
  3887 | Temple   | Found a transporter.
  3889 | Temple   | Found a transporter.
  3889 | Temple   | Found a transporter.
  3908 | Temple   | Became a worshipper of Warmaster Okawaru
  3989 | D:5      | Entered Level 5 of the Dungeon
  4002 | D:5      | Reached XP level 7. HP: 54/54 MP: 7/7
  4741 | D:5      | Reached skill level 6 in Axes
  4851 | D:5      | Found a basalt altar of Yredelemnul.
  5274 | D:6      | Reached XP level 8. HP: 20/61 MP: 8/8
  5281 | D:6      | Reached * piety under Okawaru
  5282 | D:6      | Reached skill level 5 in Armour
  5466 | D:6      | Reached skill level 5 in Fighting
  5552 | D:6      | Reached skill level 7 in Axes
  5946 | D:6      | HP: 2/63 [gnoll/+0 flail[a gnoll sergeant] (10)]
  5947 | D:6      | Reached ** piety under Okawaru
  5948 | D:6      | Slain by a gnoll sergeant

Illustrated notes

Levels and vault maps discovered:
D:1:      dpeg_arrival_water_fire, layout_basic
D:2:      layout_basic, hex_large, reono_crystal_passage, st_stairs_2,
          minmay_tromino_v7, uniq_natasha
D:3:      layout_basic
D:4:      kennysheep_goblin_castle, layout_rooms, lemuel_temple_firewalk_b,
          nicolae_shop_dragon_depot
D:5:      layout_loops_corners, yredelemnul_forgotten_temple_becter
D:6:      dreamdust_elfheim, layout_loops_cross, nicolae_kite_square_tiling_tiny
Temple:   hellmonk_temple_divided_pantheon

Skill      XL: |  1  2  3  4  5  6  7  8 |
---------------+-------------------------+-----
Axes           | 3 4 5 6 7 |  7.8
Armour         | 4 5 |  5.4
Dodging        | 1 |  1.1
Fighting       | 4 5 |  5.6
Shields        | 5 6 |  6.1

Action                     |  1- 3 |  4- 6 |  7- 9 || total
---------------------------+-------+-------+-------++-------
  Melee: War axe           |    88 |   154 |   181 ||   423
Ability: Dig               |     1 |       |       ||     1
    Use: Scroll            |     3 |       |       ||     3
 Armour: Scale mail        |    37 |    52 |       ||    89
         Gold dragon scale |       |    41 |   169 ||   210
  Dodge: Dodged            |    44 |    63 |    44 ||   151
  Block: Buckler           |    15 |    57 |    68 ||   140

Table legend: (Time is in decaauts)
 A = Elapsed time spent in this place.
 B = Non-inter-level travel time spent in this place.
 C = Inter-level travel time spent in this place.
 D = Time resting spent in this place.
 E = Time spent auto-exploring this place.
 F = Levels seen in this place.
 G = Mean time per level.
                   A        B        C        D        E       F      G
               +--------+--------+--------+--------+--------+-----+--------+
         Total |   6069 |   5840 |    229 |    257 |   4476 |   7 |  867.0 |
       Dungeon |   6028 |   5799 |    229 |    257 |   4476 |   6 | 1004.7 |
        Temple |     40 |     40 |      0 |      0 |      0 |   1 |   40.0 |
               +--------+--------+--------+--------+--------+-----+--------+

Top non-repeatable levels by time:
     D:2: 1346 daAuts
     D:5: 1296 daAuts
     D:3: 974 daAuts
     D:4: 891 daAuts
     D:1: 819 daAuts
     D:6: 700 daAuts
  Temple: 40 daAuts
